 Dungeon Crawl Stone Soup version 0.30.1-4-g462c640d31 (webtiles) character file.

Game seed: 16704826727415878034

1446 wingedge the Conjurer (level 8, -1/62 HPs)
             Began as a Demigod Earth Elementalist on Aug 29, 2023.
             Slain by a gnoll sergeant
             ... wielding a +0 trident of protection
              (5 damage)
             ... on level 5 of the Dungeon.
             The game lasted 00:16:11 (6218 turns).

wingedge the Conjurer (Demigod Earth Elementalist)  Turns: 6218, Time: 00:16:11

Health: -1/62      AC: 10    Str:  9    XL:     8   Next: 22%
Magic:  12/15      EV: 11    Int: 25    God:
Gold:   228        SH:  0    Dex: 14    Spells: 6/13 levels left

rFire   . . .        a - +4 short sword (elec)
rCold   . . .        (no shield)
rNeg    . . .        w - +3 leather armour
rPois   .            (no helmet)
rElec   .            c - +2 cloak
rCorr   .            y - +0 pair of gloves
SInv    .            (no boots)
Will    .....        (no amulet)
Stlth   ++           (no ring)
HPRegen 0.30/turn    (no ring)
MPRegen 0.14/turn

%: no passive effects
@: mighty
A: high MP 1, forlorn, divine attributes
a: no special abilities


You were on level 5 of the Dungeon.
You visited 1 branch of the dungeon, and saw 6 of its levels.
You also visited: Ossuary.

You collected 228 gold pieces.

Inventory:

Hand Weapons
 a - a +4 short sword of electrocution (weapon)
 b - a +2 trident of protection
 h - a +2 rapier of holy wrath
 v - a +1 dagger of venom
Missiles
 d - 20 poisoned darts
 e - a throwing net (quivered)
Armour
 c - a +2 cloak (worn)
 w - a +3 leather armour (worn)
 y - a +0 pair of gloves (worn)
 z - a +1 ring mail of willpower
Jewellery
 m - an amulet of guardian spirit
Scrolls
 f - a scroll of fog
 j - 4 scrolls of teleportation
 l - a scroll of torment {unknown}
 n - 3 scrolls of poison
 u - 4 scrolls of enchant weapon
 B - 2 scrolls of noise {unknown}
 D - a scroll of amnesia {unknown}
 E - a scroll of blinking {unknown}
 H - a scroll of summoning {unknown}
Potions
 g - 3 potions of mutation
 i - 3 potions of curing
 k - a potion of resistance {unknown}
 o - 2 potions of flight
 q - a potion of lignification {unknown}
 r - a potion of cancellation {unknown}
 s - a potion of brilliance {unknown}
 t - a potion of might
 x - a potion of heal wounds {unknown}
 A - a potion of haste {unknown}
 C - a potion of attraction {unknown}
 F - a potion of berserk rage {unknown}


   Skills:
 + Level 2.9 Fighting
 + Level 2.9 Armour
 - Level 2.0 Dodging
 - Level 2.0 Stealth
 - Level 3.0 Spellcasting
 + Level 5.4 Conjurations
 - Level 0.8 Transmutations
 + Level 3.9 Ice Magic
 + Level 4.5 Earth Magic


You had 6 spell levels left.
You knew the following spells:

 Your Spells              Type           Power      Damage    Failure   Level
a - Sandblast             Erth           52%        2d12      2%          1
b - Stone Arrow           Conj/Erth      56%        3d10      5%          3
c - Hailstorm             Conj/Ice       27%        3d7       6%          3

Your spell library contained the following spells:

 Spells                   Type           Power      Damage    Failure   Level
 Freeze                   Ice            92%        1d9       2%          1
 Passwall                 Tmut/Erth      14%        N/A       7%          2
 Frozen Ramparts          Ice            46%        1d7       9%          3
 Dazzling Flash           Conj/Hex       34%        N/A       14%         3
 Lesser Beckoning         Tloc           6%         N/A       21%         2
 Gell's Gravitas          Tloc           3%         N/A       38%         3
 Teleport Other           Tloc           3%         N/A       38%         3
 Volatile Blastmotes      Fire/Tloc      6%         2d10      38%         3
 Iskenderun's Mystic Bla  Conj/Tloc      17%        2d5       41%         4
 Petrify                  Tmut/Erth      17%        N/A       41%         4
 Ice Form                 Ice/Tmut       15%        N/A       45%         4
 Simulacrum               Ice/Necr       6%         N/A       100%        6
 Starburst                Conj/Fire      8%         6d4       100%        6


Dungeon Overview and Level Annotations

Branches:
Dungeon (6/15)             Temple (0/1) D:6         Ossuary (visited)


Innate Abilities, Weirdness & Mutations

You have an increased reservoir of magic. (+10% MP)
You shall have no god before yourself.
Your divine heritage dramatically boosts your attributes as you level up.


Message History

Okay, then.
The gnoll hits you from afar with a +0 spear.
The gnoll barely misses you. The gnoll sergeant barely misses you.
You climb upwards.
There is a stone staircase leading down here.
Press: ? - help, v - describe, . - travel
Here: a gnoll sergeant, wielding a +0 trident of protection, wearing a +0 scale mail and wearing a +0 kite shield (heavily wounded)
The floor.
Unknown command.
You hit the gnoll sergeant but do no damage.
The gnoll sergeant is heavily wounded.
The gnoll sergeant barely misses you.
You feel very mighty all of a sudden.
The gnoll sergeant hits you with a +0 trident of protection.
The gnoll sergeant blocks your attack.
The gnoll sergeant is heavily wounded.
The gnoll sergeant hits you with a +0 trident of protection.
You hit the gnoll sergeant but do no damage.
The gnoll sergeant is heavily wounded.
The gnoll sergeant closely misses you.
You hit the gnoll sergeant.
The gnoll sergeant is severely wounded.
The gnoll sergeant hits you with a +0 trident of protection.
* * * LOW HITPOINT WARNING * * *
You hit the gnoll sergeant but do no damage.
The gnoll sergeant is severely wounded.
The gnoll sergeant hits you with a +0 trident of protection!
* * * LOW HITPOINT WARNING * * *
Okay, then.
Okay, then.
Magic courses through your body.
The gnoll sergeant hits you but does no damage.
Casting: Stone Arrow (dangerous; 5% risk of failure)
Confirm with . or Enter, or press ? or * to list all spells.
Aiming: Stone Arrow (dangerous; 5% risk of failure)
Press: ? - help, Shift-Dir - straight line, f - gnoll sergeant
Aim: a gnoll sergeant, wielding a +0 trident of protection, wearing a +0 scale mail and wearing a +0 kite shield (severely wounded, 83% to hit)
The stone arrow misses the gnoll sergeant.
The gnoll sergeant hits you with a +0 trident of protection.
You die...

### #############.#
#.............# #.###########.#
## #.##.....# #.# .# #....###.#
#.# ###### .#
######...####.#########....# .#
#.##...g@......<......### .#
##.##.<...######.......... .#
#...).##########...###.###
.#######..##.# #>...#...#...###
.............# #.##.##..#....##
.########..#######.##.#.†...._...
## #......##....#...#.##....#
##########.#####.#(######.###...#
#......# #.# ###.#.#...##.###.###


You could see a gnoll sergeant.

Vanquished Creatures
  A wraith (Ossuary)
  A centaur (D:6)
  3 ogres
  3 killer bees
  3 jellies
  4 orc priests
  A gnoll bouda (D:6)
  2 hounds
  A sleepcap (D:6)
  2 orc wizards (D:5)
  5 iguanas
  2 mummies
  Robin (D:2)
  8 gnolls
  10 adders
  A shadow imp (D:3)
  2 white imps (D:5)
  A worm (D:2)
  A dart slug (D:3)
  9 orcs
  A bat (D:1)
  6 endoplasms
  2 giant cockroaches
  10 goblins
  6 hobgoblins
  9 jackals
  5 quokkas
  4 ball pythons
  2 frilled lizards
  7 gnoll skeletons (Ossuary)
  10 kobolds
  3 kobold skeletons (Ossuary)
  15 orc skeletons (Ossuary)
  3 rats (D:1)
144 creatures vanquished.

Notes
Turn   | Place    | Note
-------+----------+-------------------------------------------
     0 | D:1      | wingedge the Demigod Earth Elementalist began the quest for
                  | the Orb.
     0 | D:1      | Reached XP level 1. HP: 14/14 MP: 5/5
   296 | D:1      | Reached XP level 2. HP: 20/20 MP: 5/7
  1351 | D:2      | Noticed Robin
  1352 | D:2      | Reached XP level 3. HP: 26/26 MP: 6/8
  1380 | D:2      | Killed Robin
  1503 | D:2      | Learned a level 3 spell: Stone Arrow
  1658 | D:2      | Reached skill level 1 in Conjurations
  1662 | D:2      | Reached skill level 1 in Fighting
  1662 | D:2      | Reached XP level 4. HP: 35/35 MP: 4/9
  2127 | D:3      | Reached skill level 2 in Conjurations
  2346 | D:3      | Identified the +2 chain mail of a Gauntlet {Dex+3}
  2417 | D:3      | Reached XP level 5. HP: 40/40 MP: 7/12
  2887 | D:4      | Noticed an ogre
  2890 | D:4      | Killed an ogre
  3242 | D:4      | Reached skill level 3 in Conjurations
  3242 | D:4      | Reached XP level 6. HP: 47/48 MP: 2/13
  3364 | D:4      | Learned a level 3 spell: Hailstorm
  3618 | D:4      | Reached skill level 1 in Ice Magic
  3954 | D:5      | Entered Level 5 of the Dungeon
  4093 | D:5      | Reached skill level 1 in Armour
  4186 | D:5      | Reached skill level 4 in Conjurations
  4188 | D:5      | Reached XP level 7. HP: 55/55 MP: 1/14
  4314 | D:5      | Found a sand-covered staircase.
  4322 | Ossuary  | Entered an ossuary
  4322 | Ossuary  | Noticed a wraith
  4322 | Ossuary  | Noticed a wraith
  4322 | Ossuary  | Noticed a wraith
  4595 | Ossuary  | Noticed a wraith
  4614 | Ossuary  | Killed a wraith
  4928 | D:5      | Reached skill level 5 in Conjurations
  5841 | D:6      | Reached XP level 8. HP: 62/62 MP: 0/15
  6076 | D:6      | Found a staircase to the Ecumenical Temple.
  6216 | D:5      | HP: 3/62 [gnoll sergeant/+0 trident of protection (13)]
  6218 | D:5      | Slain by a gnoll sergeant

Illustrated notes

Levels and vault maps discovered:
D:1:      lemuel_arrival_river_ford, layout_basic, serial_corexii_hall,
          chequers_hall_statues_corner_a, corexii_hall_statues_l
D:2:      layout_rooms, kennysheep_generic_room_4, uniq_robin
D:3:      layout_rooms, mainiacjoe_overflow_six_doors_small
D:4:      layout_layer_cave
D:5:      layout_basic, nicolae_overflow_crystal_walls,
          gup_ossuary_entry_pyramid
D:6:      layout_loops_cross, good_gods_temple_1, minmay_temple_entry_crystal_x,
          lightli_sewer_entry_pipes, grunt_ministairs_9

Skill      XL: |  1  2  3  4  5  6  7 |
---------------+----------------------+-----
Earth Magic    | 3 4 |  4.5
Spellcasting   | 2 3 |  3.0
Conjurations   | 1 2 3 4 5 |  5.4
Fighting       | 1 2 |  2.9
Stealth        | 2 |  2.0
Dodging        | 2 |  2.0
Ice Magic      | 2 3 |  3.9
Armour         | 1 2 |  2.9
Transmutations | |  0.8

Action                     |  1- 3 |  4- 6 |  7- 9 || total
---------------------------+-------+-------+-------++-------
  Melee: Short sword       |       |    12 |    91 ||   103
         Punch             |       |       |     3 ||     3
   Cast: Sandblast         |    57 |    61 |     2 ||   120
         Stone Arrow       |       |    15 |    47 ||    62
         Hailstorm         |       |       |     4 ||     4
    Use: Scroll            |       |       |     8 ||     8
         Potion            |       |       |     2 ||     2
 Armour: Robe              |     4 |     4 |       ||     8
         Leather armour    |       |    20 |    46 ||    66
  Dodge: Dodged            |    12 |    30 |    64 ||   106
